 Dungeon Crawl Stone Soup version 0.31-a0-1071-gaead2f62b1 (webtiles) character file.

Game seed: 9382737655538284478

14 RepHenryClay the Grasshopper (level 2, -1/24 HPs)
             Began as a Ghoul Warper on Nov 26, 2023.
             Slain by a kobold
             ... wielding a +0 short sword
              (4 damage)
             ... on level 1 of the Dungeon.
             The game lasted 00:04:01 (452 turns).

RepHenryClay the Grasshopper (Ghoul Warper)          Turns: 452, Time: 00:04:01

Health: -1/24      AC:  3    Str: 14    XL:     2   Next: 41%
Magic:  3/3        EV: 11    Int: 12    God:
Gold:   21         SH:  0    Dex: 14    Spells: 4/4 levels left

rFire   . . .        a - +0 mace
rCold   + . .        (no shield)
rNeg    + + +        b - +0 leather armour
rPois   ∞            (no helmet)
rElec   .            (no cloak)
rCorr   .            (no gloves)
SInv    .            (no boots)
Will    .....        (no amulet)
Stlth   +            g - +6 ring of dexterity
HPRegen 0.00/turn    (no ring)
MPRegen 0.08/turn

%: no passive effects
@: inhibited regen
A: claws 1, cold resistance 1, negative energy resistance 3, inhibited
regeneration, torment resistance 2, devour on kill
a: no special abilities


You were on level 1 of the Dungeon.
You visited 1 branch of the dungeon, and saw 1 of its levels.

You collected 21 gold pieces.

Inventory:

Hand Weapons
 a - a +0 mace (weapon)
Missiles
 d - 7 darts of dispersal (quivered)
Armour
 b - a +0 leather armour (worn)
 h - a +0 scale mail
Jewellery
 g - a +6 ring of dexterity (left claw)
Scrolls
 c - a scroll of blinking
 i - a scroll of fear {unknown}
Potions
 e - a potion of mutation {unknown}
 f - 2 potions of degeneration {unknown}


   Skills:
 - Level 2.2 Fighting
 + Level 2.2 Maces & Flails
 - Level 0.9 Throwing
 + Level 1.5 Armour
 - Level 1.7 Dodging
 - Level 1.7 Spellcasting
 - Level 2.6 Translocations


You had 4 spell levels left.
You didn't know any spells.
Your spell library contained the following spells:

 Spells                   Type           Power      Damage    Failure   Level
 Blink                    Tloc           14%        N/A       17%         2
 Lesser Beckoning         Tloc           14%        N/A       17%         2
 Teleport Other           Tloc           7%         N/A       34%         3
 Manifold Assault         Tloc           7%         N/A       75%         4
 Vhi's Electric Charge    Tloc/Air       8%         N/A       89%         4


Dungeon Overview and Level Annotations

Branches:
Dungeon (1/15)

Altars:


Innate Abilities, Weirdness & Mutations

You are immune to poison.
You have sharp fingernails.
Your flesh is cold resistant. (rC+)
You are immune to negative energy. (rN+++)
You do not regenerate when monsters are visible.
You are immune to unholy pain and torment.
You thrive by killing the living.


Message History

You hit the quokka.
The quokka is almost dead.
The quokka bites you but does no damage.
The frilled lizard hisses angrily.
You hit the quokka.
You kill the quokka!
You feel better. The hobgoblin hits you. The hobgoblin barely misses you.
The hobgoblin hits you.
Damage: -8%(-2hp) hp: 55%(13hp)
You closely miss the hobgoblin.
A bat comes into view.
The hobgoblin hits you.
Damage: -9%(-2hp) hp: 46%(11hp)
The hobgoblin attacks as it pursues you!
The hobgoblin closely misses you.
The hobgoblin attacks as it pursues you!
The hobgoblin closely misses you.
There are no items here.
You hit the hobgoblin but do no damage. The hobgoblin hits you. x2
* * * LOW HITPOINT WARNING * * *
Huge Dmg: -21%(-5hp) hp: 25%(6hp) Welcome back, RepHenryClay the Ghoul Warper.
Press ? for a list of commands and other information.
You hit the hobgoblin.
You kill the hobgoblin!
You feel better. The goblin hits you with a +0 club.
* * * LOW HITPOINT WARNING * * *
Unknown command.
You barely miss the goblin.
The goblin is moderately wounded.
The goblin hits you with a +0 club.
* * * LOW HITPOINT WARNING * * *
Huge Dmg: -12%(-3hp) hp: 13%(3hp) Welcome back, RepHenryClay the Ghoul Warper.
Press ? for a list of commands and other information.
You hit the goblin.
You kill the goblin!
You barely miss the kobold.
The kobold hits you with a +0 short sword.
You die...

#. #..# .....
#. #..# ...
#.##..##.#
#...†....#
####..#.#.#
#...## ###
#..## ... #K##
#.# ##@## #.#
##.###.# ##.#.#
##..#
#..#######
#........#
##.###.#.#
#.###.#.#######
#.....#........


You could see a kobold.

Vanquished Creatures
  A goblin (D:1)
  5 hobgoblins (D:1)
  2 quokkas (D:1)
  A bat (D:1)
  A frilled lizard (D:1)
  2 rats (D:1)
12 creatures vanquished.

Notes
Turn   | Place    | Note
-------+----------+-------------------------------------------
     0 | D:1      | RepHenryClay the Ghoul Warper began the quest for the Orb.
     0 | D:1      | Reached XP level 1. HP: 17/17 MP: 2/2
    98 | D:1      | Reached skill level 1 in Armour
   200 | D:1      | Reached XP level 2. HP: 19/24 MP: 3/3
   452 | D:1      | Slain by a kobold

Illustrated notes

Levels and vault maps discovered:
D:1:      kilobyte_arrival_exit_the_forest, layout_loops_ring

Skill      XL: |  1 |
---------------+----+-----
Armour         | 1 |  1.5
Maces & Flails | 2 |  2.2
Fighting       | |  2.2
Throwing       | |  0.9
Dodging        | |  1.7
Spellcasting   | |  1.7
Translocations | |  2.6

Action                     || total
---------------------------++-------
  Melee: Mace              ||    45
 Armour: Leather armour    ||    35
  Dodge: Dodged            ||    43

Table legend: (Time is in decaauts)
 A = Elapsed time spent in this place.
 B = Non-inter-level travel time spent in this place.
 C = Inter-level travel time spent in this place.
 D = Time resting spent in this place.
 E = Time spent auto-exploring this place.
 F = Levels seen in this place.
 G = Mean time per level.
                   A        B        C        D        E       F      G
               +--------+--------+--------+--------+--------+-----+--------+
         Total |    465 |    465 |      0 |      0 |    359 |   1 |  465.0 |
       Dungeon |    465 |    465 |      0 |      0 |    359 |   1 |  465.0 |
               +--------+--------+--------+--------+--------+-----+--------+

Top non-repeatable levels by time:
     D:1: 465 daAuts
